 Dungeon Crawl Stone Soup version 0.29-a0-322-g68df515428 (webtiles) character file.

Game seed: 10712673400795421950

1192 101zpm the Cudgeller (level 8, -1/48 HPs)
             Began as a Gargoyle Fighter on Apr 8, 2022.
             Slain by a hornet (8 damage)
             ... on level 6 of the Dungeon.
             The game lasted 00:08:16 (6078 turns).

101zpm the Cudgeller (Gargoyle Fighter)             Turns: 6078, Time: 00:08:17

Health: -1/48      AC: 15    Str: 23    XL:     8   Next: 43%
Magic:  8/8        EV: 10    Int: 14    God:
Gold:   313        SH:  4    Dex:  9    Spells: 7/7 levels left

rFire   . . .      SeeInvis +   a - +0 flail
rCold   . . .      Faith    .   c - +0 buckler
rNeg    + . .      Spirit   .   b - +0 scale mail
rPois   ∞          Reflect  .   A - +1 hat
rElec   +          Harm     .   g - +0 cloak
rCorr   .          Rampage  .   (no gloves)
Will    .....                   (no boots)
Stlth   ..........              (no amulet)
HPRegen 0.16/turn               h - +6 ring of intelligence
MPRegen 0.11/turn               k - ring of see invisible

@: no status effects
A: sickness immunity, AC +5, negative energy resistance 1, electricity
resistance, torment resistance 1, petrification resistance
a: no special abilities


You were on level 6 of the Dungeon.
You visited 1 branch of the dungeon, and saw 7 of its levels.

You collected 313 gold pieces.

Inventory:

Hand Weapons
 a - a +0 flail (weapon)
 o - the +8 arbalest of Tih Hiusiox {speed, rPois Str+5 Int-2}
   (You found it on level 2 of the Dungeon)

   Attacks with this weapon are significantly faster.
   Str:       It affects your strength (+5).
   Int:       It affects your intelligence (-2).
   rPois:     It protects you from poison.
Missiles
 p - 17 poisoned darts (quivered)
 B - 3 curare-tipped darts
Armour
 b - a +0 scale mail (worn)
 c - a +0 buckler (worn)
 g - a +0 cloak (worn)
 A - a +1 hat (worn)
Jewellery
 h - a +6 ring of intelligence (left hand)
 k - a ring of see invisible (right hand)
 t - an amulet of regeneration
Wands
 w - a wand of acid (13)
 C - a wand of polymorph (18)
 D - a wand of flame (12)
Scrolls
 i - a scroll of enchant armour {unknown}
 j - a scroll of blinking {unknown}
 m - 3 scrolls of teleportation
 n - a scroll of fear {unknown}
 u - 2 scrolls of silence
 v - a scroll of vulnerability {unknown}
 y - a scroll of torment {unknown}
 z - a scroll of amnesia {unknown}
 E - a scroll of summoning {unknown}
Potions
 d - 3 potions of might
 e - a potion of attraction {unknown}
 f - a potion of ambrosia {unknown}
 l - 5 potions of mutation
 q - a potion of brilliance {unknown}
 r - 4 potions of lignification
 s - 6 potions of curing
 x - a potion of magic {unknown}


   Skills:
 + Level 4.9 Fighting
 + Level 6.6 Maces & Flails
 + Level 6.1 Armour
 + Level 1.9 Dodging
 + Level 0.8 Stealth
 + Level 4.7 Shields
 + Level 1.3 Unarmed Combat


You had 7 spell levels left.
You didn't know any spells.
Your spell library contained the following spells:

 Spells                   Type           Power      Damage    Failure   Level
 Animate Skeleton         Necr           0%         N/A       65%         1
 Beastly Appendage        Tmut           0%         N/A       65%         1
 Foxfire                  Conj/Fire      0%         2x1d4     65%         1
 Pain                     Necr           0%         1d4       65%         1
 Sting                    Tmut/Pois      0%         1d3       65%         1
 Poisonous Vapours        Pois/Air       0%         N/A       78%         2
 Wereblood                Tmut           0%         N/A       78%         2
 Conjure Flame            Conj/Fire      0%         6-21      95%         3
 Dazzling Flash           Conj/Hex       0%         N/A       95%         3
 Ignite Poison            Fire/Tmut/Pois 0%         N/A       95%         3
 Inner Flame              Hex/Fire       0%         N/A       95%         3
 Mephitic Cloud           Conj/Pois/Air  0%         N/A       95%         3
 Ozocubu's Armour         Ice            0%         N/A       95%         3
 Spider Form              Tmut/Pois      0%         N/A       95%         3
 Tukima's Dance           Hex            0%         N/A       95%         3
 Vampiric Draining        Necr           0%         2d6       95%         3
 Flame Wave               Conj/Fire      0%         2d4       100%        4
 Olgreb's Toxic Radiance  Pois           0%         N/A       100%        4
 Passage of Golubria      Tloc           0%         N/A       100%        4
 Agony                    Necr           0%         N/A       100%        5
 Freezing Cloud           Conj/Ice/Air   0%         6-21      100%        5
 Metabolic Englaciation   Hex/Ice        0%         N/A       100%        5
 Silence                  Hex/Air        0%         N/A       100%        5
 Yara's Violent Unravell  Hex/Tmut       0%         3d3       100%        5
 Simulacrum               Ice/Necr       0%         N/A       100%        6


Dungeon Overview and Level Annotations

Branches:
Dungeon (7/15)             Temple (0/1) D:5

Altars:
Elyvilon
Ru
Wu Jian

Shops:
D:3 =(

Annotations:
D:2 1 runed translucent door, Crazy Yiuf


Innate Abilities, Weirdness & Mutations

You are immune to sickness and miasma.
Your stone body is resilient. (AC +5)
You are immune to poison.
You resist negative energy. (rN+)
You are resistant to electric shocks. (rElec)
You are resistant to unholy torment.
You are immune to petrification.


Message History

The hornet barely misses you. The hornet stings you.
You barely miss the hornet.
The hornet is lightly wounded.
The hornet stings you but does no damage.
You closely miss the hornet.
The hornet is lightly wounded.
The hornet stings you but does no damage. x2
You completely miss the hornet.
The hornet is lightly wounded.
The hornet stings you! The hornet closely misses you.
You are too injured to fight recklessly!
You are too injured to fight recklessly!
You are too injured to fight recklessly!
You are too injured to fight recklessly!
You are too injured to fight recklessly!
You are too injured to fight recklessly!
You are too injured to fight recklessly!
You are too injured to fight recklessly!
You are too injured to fight recklessly!
You are too injured to fight recklessly!
You are too injured to fight recklessly!
You are too injured to fight recklessly!
The hornet attacks as you move away! The hornet stings you.
* * * LOW HITPOINT WARNING * * *
The hornet closely misses you.
There is an open door here.
The hornet completely misses you. The hornet barely misses you.
There is a stone staircase leading up here.
The hornet closely misses you.
You climb upwards.
There is a stone staircase leading down here.
The hornet attacks as you move away!
The hornet stings you but does no damage.
You block the hornet's attack. The hornet attacks as you move away!
The hornet stings you!
* * * LOW HITPOINT WARNING * * *
The hornet closely misses you. The hornet attacks as you move away!
The hornet stings you!
You die...

###........##..#........).......#
#.......##.....#..####...........
......###.....#...# ###.........
......###.....#..#######.........
.##...#..........###.............
####..............##.............
###....#.........#.............
#.....###.............#...#..##
#.....#####>.y@.......###......
##.#...####.#.##.......#....##.
#.##.....#.###.............##.
####........#......#..........
##..##....##.##.##..........
#...#.........######........
###......####...# ##.......
##........# ##.## #.....##.
#......#### ### ###.<####


You could see a hornet.

Vanquished Creatures
  A water moccasin (D:5)
  A sky beast (D:7)
  2 black bears
  A phantom (D:6)
  Blork the orc (D:6)
  3 necrophages
  2 scorpions
  7 hounds
  6 adders
  4 white imps (D:6)
  An ufetubus (D:5)
  3 worms
  2 dart slugs
  3 orcs
  8 ball pythons
  7 endoplasms
  6 giant cockroaches
  5 goblins
  5 hobgoblins
  3 jackals (D:3)
  5 quokkas
  4 bats
  2 frilled lizards
  10 kobolds
  7 rats
99 creatures vanquished.

Notes
Turn   | Place    | Note
-------+----------+-------------------------------------------
     0 | D:1      | 101zpm the Gargoyle Fighter began the quest for the Orb.
     0 | D:1      | Reached XP level 1. HP: 14/14 MP: 1/1
    25 | D:1      | Found a faded altar of an unknown god.
   210 | D:1      | Reached XP level 2. HP: 19/19 MP: 2/2
   718 | D:1      | Reached XP level 3. HP: 21/23 MP: 3/3
  1513 | D:2      | Found an ornate altar of the Wu Jian Council.
  1848 | D:2      | Identified the +8 arbalest of Tih Hiusiox {speed, rPois
                  | Str+5 Int-2}
  1987 | D:2      | Found a runed translucent door.
  1988 | D:2      | Noticed Crazy Yiuf
  2121 | D:3      | Found Doajewk's Weapon Emporium.
  2219 | D:3      | Reached XP level 4. HP: 4/29 MP: 4/4
  2835 | D:3      | Found Qorireamib's One-of-a-Kind Rings.
  3498 | D:4      | Reached XP level 5. HP: 31/33 MP: 5/5
  3621 | D:4      | Reached XP level 6. HP: 35/38 MP: 6/6
  3622 | D:4      | Reached skill level 1 in Dodging
  3983 | D:5      | Entered Level 5 of the Dungeon
  4107 | D:5      | Found a staircase to the Ecumenical Temple.
  4163 | D:5      | Noticed a black bear
  4191 | D:5      | Killed a black bear
  4192 | D:5      | Reached skill level 5 in Armour
  4434 | D:5      | Reached XP level 7. HP: 43/43 MP: 7/7
  4484 | D:5      | Reached skill level 5 in Maces & Flails
  5000 | D:6      | Noticed Blork the orc
  5012 | D:6      | Killed Blork the orc
  5384 | D:6      | Reached XP level 8. HP: 47/48 MP: 8/8
  5431 | D:6      | Reached skill level 1 in Unarmed Combat
  5595 | D:6      | Found a sacrificial altar of Ru.
  5917 | D:6      | Found a white marble altar of Elyvilon.
  6052 | D:7      | Noticed a hornet
  6078 | D:6      | Slain by a hornet

Illustrated notes

Levels and vault maps discovered:
D:1:      arrival_zaba_pyramid, layout_basic, hellmonk_ecumenical_altar_lost_god
D:2:      layout_rooms, basic_altar, uniq_crazy_yiuf_cottage
D:3:      layout_basic, serial_shops, nicolae_shop_trees,
          cheibrodos_sewer_entry_bend, nicolae_shop_unique_rings
D:4:      layout_rooms
D:5:      layout_rooms, minmay_temple_entry_statues, kennysheep_path_1
D:6:      layout_cave_pools, mainiacjoe_overflow_cross_hatched,
          nicolae_overflow_hidden_temple, uniq_blork_the_orc
D:7:      layout_gridville, lemuel_round_altar

Skill      XL: |  1  2  3  4  5  6  7  8 |
---------------+-------------------------+-----
Armour         | 4 5 6 |  6.1
Maces & Flails | 3 4 5 6 |  6.6
Fighting       | 4 |  4.9
Shields        | 4 |  4.7
Dodging        | 1 |  1.9
Unarmed Combat | 1 |  1.3
Stealth        | |  0.8

Action                   |  1- 3 |  4- 6 |  7- 9 || total
-------------------------+-------+-------+-------++-------
Melee: Flail             |   136 |   170 |   121 ||   427
       Unarmed           |       |       |     7 ||     7
  Use: Scroll            |       |       |     5 ||     5
Armor: Scale mail        |    79 |    96 |    79 ||   254
Dodge: Dodged            |    63 |    72 |    66 ||   201
Block: Buckler           |    33 |    43 |    24 ||   100

Table legend: (Time is in decaauts)
 A = Elapsed time spent in this place.
 B = Non-inter-level travel time spent in this place.
 C = Inter-level travel time spent in this place.
 D = Time resting spent in this place.
 E = Time spent auto-exploring this place.
 F = Levels seen in this place.
 G = Mean time per level.
                   A        B        C        D        E       F      G
               +--------+--------+--------+--------+--------+-----+--------+
         Total |   6194 |   6008 |    186 |    829 |   4220 |   7 |  884.9 |
       Dungeon |   6194 |   6008 |    186 |    829 |   4220 |   7 |  884.9 |
               +--------+--------+--------+--------+--------+-----+--------+

Top non-repeatable levels by time:
     D:1: 1511 daAuts
     D:3: 1263 daAuts
     D:6: 1040 daAuts
     D:5: 962 daAuts
     D:4: 711 daAuts
     D:2: 584 daAuts
     D:7: 120 daAuts
